Atomiques vs Inferno

Created - 31 octobre 2012 at 22:07

Simulating a Pre-Season

Goals
1 2 3 OT1 SO T
Atomiques 1 1 1 0 2 3
Inferno 1 0 2 0 3 4
Shots
1 2 3 OT1 SO T
Atomiques 9 13 3 0 5 25
Inferno 11 12 10 1 5 34

1st period

1. Atomiques , Adam Pardy 1 (Pat Rissmiller, Boyd Gordon) at 7:01
2. Inferno , Jonathan Ferland 2 (Brian Boyle) at 10:23

Penalties :
Petri Kontiola (Anc) for Hooking (Minor) at 16:28, Pat Rissmiller (STB) for Tripping (Minor) at 16:28

2nd period

3. Atomiques , Denis Hamel 3 (Kyle Turris, John Zeiler) at 15:33

Penalties :
Brad Marchand (Anc) for Tripping (Minor) at 16:51

3rd period

4. Inferno , Petri Kontiola 2 (Jozef Balej, Stephane Veilleux) at 0:54
5. Atomiques , Boyd Gordon 2 (Denis Hamel, Brendon Nash) at 6:28 (PP)
6. Inferno , Branko Radivojevic 3 (Mikhail Grabovski) at 18:48

Penalties :
Brendon Nash (STB) for Hooking (Minor) at 1:48, Petri Kontiola (Anc) for Roughing (Double Minor) at 5:50, Daniel Carcillo (STB) for High sticking (Minor) at 18:55

Overtime #1

No Goal

Penalties :
No Penalty

Shootout

Penalty Shot by Brandon Dubinsky for Atomiques - Goal!
Penalty Shot by Mikhail Grabovski for Inferno - Goal!
Penalty Shot by Boyd Gordon for Atomiques - Goal!
Penalty Shot by Jonathan Ferland for Inferno - Stopped by Semyon Varlamov
Penalty Shot by Daniel Carcillo for Atomiques - Stopped by Chris Holt
Penalty Shot by Brad Marchand for Inferno - Goal!
Penalty Shot by Kyle Okposo for Atomiques - Stopped by Chris Holt
Penalty Shot by Kyle Greentree for Inferno - Shot Misses the Net
Penalty Shot by Phil Kessel for Atomiques - Shot Hit the Post
Penalty Shot by Branko Radivojevic for Inferno - Goal!

Penalties :
No Penalty

Goalie Stats

Semyon Varlamov (STB), 31 saves from 34 shots - (0,912), OTL, 1-0-1, 65:00 minutes
Chris Holt (Anc), 22 saves from 25 shots - (0,880), W, 1-0-0, 65:00 minutes

Players Stats for Atomiques

Player Name              G  A  P  +/- PIM S  H  SB GA TA FO     MP     PP MP  PK MP  
------------------------------------------------------------------------------------
Adam Pardy               1  0  1   1  0   3  3  2  2  0  0/0    26:43   2:17   2:26 
Andy Greene              0  0  0   0  0   1  1  2  0  0  0/0    15:47   0:00   1:32 
Boyd Gordon              1  1  2  -2  0   3  2  2  2  1  9/22   20:10   2:02   2:29 
Brandon Dubinsky         0  0  0   0  0   0  1  1  0  0  10/25  21:47   2:33   1:04 
Brendon Nash             0  1  1   1  2   0  0  0  0  2  0/0    22:11   2:19   0:00 
Brett Sutter             0  0  0  -1  0   0  0  0  0  0  0/3     8:12   0:00   0:00 
Daniel Carcillo          0  0  0  -1  2   1  3  0  0  3  1/2    20:43   2:30   0:55 
Denis Hamel              1  1  2   2  0   4  0  0  0  0  0/1    15:48   2:02   1:27 
John Zeiler              0  1  1   1  0   1  2  0  0  0  0/0    12:44   0:01   0:25 
Kenndal McArdle          0  0  0  -1  0   0  2  0  0  0  0/1     8:31   0:00   0:19 
Kyle Okposo              0  0  0  -1  0   0  1  1  0  0  0/0    17:26   2:02   0:00 
Kyle Turris              0  1  1   2  0   1  0  0  0  0  0/1    12:32   0:00   0:22 
Mattias Ohlund           0  0  0  -3  0   2  1  0  0  1  0/0    25:55   2:17   2:26 
Nick Johnson             0  0  0  -1  0   1  2  0  1  1  0/0     9:33   0:00   0:00 
Pat Rissmiller           0  1  1  -1  2   3  2  0  0  0  0/1    15:37   0:05   0:00 
Phil Kessel              0  0  0   0  0   2  2  0  0  0  1/1    20:52   2:33   0:00 
Shawn Belle              0  0  0   1  0   0  0  1  1  1  0/0    13:23   0:00   0:00 
Wes O'Neill              0  0  0  -2  0   3  1  2  0  0  0/0    26:06   2:19   1:32 

Players Stats for Inferno

Player Name              G  A  P  +/- PIM S  H  SB GA TA FO     MP     PP MP  PK MP  
------------------------------------------------------------------------------------
Andrej Sekera            0  0  0  -1  0   1  0  2  1  0  0/0    21:48   1:17   1:45 
Brad Marchand            0  0  0   0  2   1  3  0  0  0  1/1    19:24   1:38   0:56 
Branko Radivojevic       1  0  1   0  0   2  0  0  3  1  1/2    20:11   1:38   0:00 
Brendan Mikkelson        0  0  0  -1  0   1  2  2  0  0  0/0    20:14   1:17   1:45 
Brendan Smith            0  0  0   0  0   1  0  3  0  0  0/0    16:37   0:00   0:00 
Brian Boyle              0  1  1   0  0   0  0  0  0  1  6/13   16:59   0:00   1:12 
Derek Meech              0  0  0   2  0   0  3  3  0  0  0/0    28:53   1:46   2:51 
Erik Johnson             0  0  0   2  0   1  0  0  1  1  0/0    27:15   1:46   2:51 
Jonathan Ferland         1  0  1   0  0   4  1  0  0  0  0/1    19:59   1:25   2:38 
Jozef Balej              0  1  1   1  0   5  0  1  1  1  1/1    12:57   0:00   0:00 
Kyle Greentree           0  0  0   0  0   5  0  0  1  0  1/1    16:15   1:25   0:46 
Mikhail Grabovski        0  1  1   0  0   3  1  0  2  0  20/30  22:56   1:38   2:38 
Nicklas Grossman         0  0  0   0  0   0  2  2  0  1  0/0    15:13   0:00   0:00 
Petri Kontiola           1  0  1   1  6   2  3  1  0  0  3/5    12:33   1:25   0:00 
Pierre-Luc Létourneau    0  0  0   0  0   0  2  1  0  0  0/0     9:14   0:00   0:00 
Stephane Veilleux        0  1  1   1  0   5  2  0  0  0  0/0    14:26   0:00   1:02 
Vladimir Sobotka         0  0  0   0  0   2  1  0  0  1  3/3     9:14   0:00   0:00 
Vladimir Zharkov         0  0  0   0  0   1  0  0  0  0  0/0     9:14   0:00   0:00 

3 Stars

1 - Denis Hamel (STB)
2 - Adam Pardy (STB)
3 - Boyd Gordon (STB)

Power Play

Atomiques - 1 on 3 Attempt(s) - 33,33%
Inferno - 0 on 2 Attempt(s) - 0,00%

Penalty Kill

Atomiques - 2 on 2 Attempt(s) - 100,00% - Score 0 goal in Penalty Kill
Inferno - 2 on 3 Attempt(s) - 66,67% - Score 0 goal in Penalty Kill

Official

Referees : Kozari Steve and Sutherland Kelly
Linesman : Lonnie Cameron and Brian Mach

Game Notes

No Game Note

Atomiques

5 vs 5 Forward 
   Center                   Left Wing                Right Wing               Time % Phy DF OF 
 1 Brandon Dubinsky         Daniel Carcillo          Phil Kessel              40     1   2  2  
 2 Boyd Gordon              Pat Rissmiller           Kyle Okposo              30     1   2  2  
 3 Kyle Turris              Denis Hamel              John Zeiler              20     1   2  2  
 4 Brett Sutter             Kenndal McArdle          Nick Johnson             10     1   2  2  

5 vs 5 Defense 
   Defense                  Defense                                           Time % Phy DF OF 
 1 Mattias Ohlund           Wes O'Neill                                       40     1   2  2  
 2 Brendon Nash             Adam Pardy                                        30     1   2  2  
 3 Andy Greene              Shawn Belle                                       20     1   2  2  
 4 Adam Pardy               Wes O'Neill                                       10     1   2  2  

PowerPlay Forward 
   Center                   Left Wing                Right Wing               Time % Phy DF OF 
 1 Brandon Dubinsky         Daniel Carcillo          Phil Kessel              60     1   2  2  
 2 Boyd Gordon              Denis Hamel              Kyle Okposo              40     1   2  2  

PowerPlay Defense
   Defense                  Defense                                           Time % Phy DF OF 
 1 Adam Pardy               Mattias Ohlund                                    60     1   2  2  
 2 Wes O'Neill              Brendon Nash                                      40     1   2  2  

Penalty Kill 4 Players Forward 
   Center                   Wing                     Time % Phy DF OF 
 1 Boyd Gordon              Daniel Carcillo          60     1   2  2  
 2 Kyle Turris              John Zeiler              40     1   2  2  

Penalty Kill 4 Players Defense
   Defense                  Defense                  Time % Phy DF OF 
 1 Adam Pardy               Mattias Ohlund           60     1   2  2  
 2 Andy Greene              Wes O'Neill              40     1   2  2  

Penalty Kill - 3 Players Forward 
   Forward                                           Time % Phy DF OF 
 1 Boyd Gordon                                       60     1   2  2  
 2 John Zeiler                                       40     1   2  2  

Penalty Kill - 3 Players Defense
   Defense                  Defense                  Time % Phy DF OF 
 1 Adam Pardy               Mattias Ohlund           60     1   2  2  
 2 Andy Greene              Wes O'Neill              40     1   2  2  

4 vs 4 Forward 
   Center                   Wing                     Time % Phy DF OF 
 1 Brandon Dubinsky         Phil Kessel              60     1   2  2  
 2 Boyd Gordon              Kyle Okposo              40     1   2  2  

4 vs 4 Defense
   Defense                  Defense                  Time % Phy DF OF 
 1 Adam Pardy               Mattias Ohlund           60     1   2  2  
 2 Wes O'Neill              Brendon Nash             40     1   2  2  

Last Minutes Offensive
   Center                   Left Wing                Right Wing               Defense                  Defense                  
   Brandon Dubinsky         Daniel Carcillo          Phil Kessel              Wes O'Neill              Mattias Ohlund           

Last Minutes Defensive
   Center                   Left Wing                Right Wing               Defense                  Defense                  
   Boyd Gordon              Daniel Carcillo          John Zeiler              Mattias Ohlund           Adam Pardy               

Goaltenders
Starting : Semyon Varlamov          
Backup : Mike Brodeur             

Extra Forwards
Normal : Pat Rissmiller, Phil Kessel, Nick Johnson - PP : Pat Rissmiller, Phil Kessel - PK : Daniel Carcillo
Extra Defensemen
Normal : Andy Greene, Adam Pardy, Brendon Nash - PP : Adam Pardy - PK : Brendon Nash, Adam Pardy
Penalty Shots
Brandon Dubinsky, Boyd Gordon, Daniel Carcillo, Kyle Okposo, Phil Kessel

Inferno

5 vs 5 Forward 
   Center                   Left Wing                Right Wing               Time % Phy DF OF 
 1 Mikhail Grabovski        Brad Marchand            Branko Radivojevic       40     1   2  2  
 2 Brian Boyle              Kyle Greentree           Jonathan Ferland         30     1   2  2  
 3 Petri Kontiola           Stephane Veilleux        Jozef Balej              20     1   2  2  
 4 Vladimir Sobotka         Pierre-Luc Létourneau    Vladimir Zharkov         10     2   2  1  

5 vs 5 Defense 
   Defense                  Defense                                           Time % Phy DF OF 
 1 Derek Meech              Erik Johnson                                      40     1   3  1  
 2 Brendan Mikkelson        Andrej Sekera                                     30     1   3  1  
 3 Brendan Smith            Nicklas Grossman                                  20     1   3  1  
 4 Derek Meech              Andrej Sekera                                     10     1   3  1  

PowerPlay Forward 
   Center                   Left Wing                Right Wing               Time % Phy DF OF 
 1 Mikhail Grabovski        Brad Marchand            Branko Radivojevic       60     1   1  3  
 2 Petri Kontiola           Kyle Greentree           Jonathan Ferland         40     1   1  3  

PowerPlay Defense
   Defense                  Defense                                           Time % Phy DF OF 
 1 Derek Meech              Erik Johnson                                      60     1   2  2  
 2 Brendan Mikkelson        Andrej Sekera                                     40     1   2  2  

Penalty Kill 4 Players Forward 
   Center                   Wing                     Time % Phy DF OF 
 1 Mikhail Grabovski        Jonathan Ferland         60     1   3  1  
 2 Brian Boyle              Brad Marchand            40     2   3  0  

Penalty Kill 4 Players Defense
   Defense                  Defense                  Time % Phy DF OF 
 1 Derek Meech              Erik Johnson             60     1   3  1  
 2 Brendan Mikkelson        Andrej Sekera            40     1   3  1  

Penalty Kill - 3 Players Forward 
   Forward                                           Time % Phy DF OF 
 1 Mikhail Grabovski                                 60     1   3  1  
 2 Brian Boyle                                       40     1   3  1  

Penalty Kill - 3 Players Defense
   Defense                  Defense                  Time % Phy DF OF 
 1 Derek Meech              Erik Johnson             60     1   3  1  
 2 Brendan Mikkelson        Andrej Sekera            40     1   3  1  

4 vs 4 Forward 
   Center                   Wing                     Time % Phy DF OF 
 1 Mikhail Grabovski        Branko Radivojevic       60     1   2  2  
 2 Brian Boyle              Stephane Veilleux        40     1   2  2  

4 vs 4 Defense
   Defense                  Defense                  Time % Phy DF OF 
 1 Derek Meech              Erik Johnson             60     1   2  2  
 2 Brendan Mikkelson        Andrej Sekera            40     1   2  2  

Last Minutes Offensive
   Center                   Left Wing                Right Wing               Defense                  Defense                  
   Mikhail Grabovski        Brad Marchand            Branko Radivojevic       Derek Meech              Erik Johnson             

Last Minutes Defensive
   Center                   Left Wing                Right Wing               Defense                  Defense                  
   Mikhail Grabovski        Stephane Veilleux        Jonathan Ferland         Derek Meech              Erik Johnson             

Goaltenders
Starting : Chris Holt               
Backup : Jonathan Boutin          

Extra Forwards
Normal : Jonathan Ferland, Stephane Veilleux, Jozef Balej - PP : Stephane Veilleux, Jozef Balej - PK : Stephane Veilleux
Extra Defensemen
Normal : Andrej Sekera, Brendan Mikkelson, Brendan Smith - PP : Brendan Smith - PK : Andrej Sekera, Nicklas Grossman
Penalty Shots
Mikhail Grabovski, Jonathan Ferland, Brad Marchand, Kyle Greentree, Branko Radivojevic

% Time on Ice - Atomiques

Lines # - Real PCT - Wanted PCT - Time Play
Normal Forward
1 - 31% - 40% - 15:46
2 - 28% - 30% - 14:12
3 - 24% - 20% - 12:10
4 - 16% - 10% - 8:12
Normal Defense
1 - 38% - 40% - 19:22
2 - 35% - 30% - 17:49
3 - 23% - 20% - 11:25
4 - 3% - 10% - 1:44
PP Forward
1 - 56% - 60% - 2:34
2 - 44% - 40% - 2:02
PP Defense
1 - 50% - 60% - 2:17
2 - 50% - 40% - 2:19
PK Forward
1 - 88% - 60% - 2:41
2 - 12% - 40% - 0:22
PK Defense
1 - 57% - 60% - 1:44
2 - 43% - 40% - 1:19
PK3 Forward
1 - 95% - 60% - 0:52
2 - 5% - 40% - 0:03
PK3 Defense
1 - 76% - 60% - 0:42
2 - 24% - 40% - 0:13
44 Forward
1 - 80% - 60% - 4:52
2 - 20% - 40% - 1:12
44 Defense
1 - 56% - 60% - 3:24
2 - 44% - 40% - 2:40
Last Minute Offensive  - 0:00
Last Minute Defensive  - 0:02
Total
Forward - 65:00
Defense - 65:00

% Time on Ice - Inferno

Lines # - Real PCT - Wanted PCT - Time Play
Normal Forward
1 - 31% - 40% - 15:41
2 - 28% - 30% - 14:04
3 - 23% - 20% - 11:21
4 - 18% - 10% - 9:14
Normal Defense
1 - 38% - 40% - 19:05
2 - 29% - 30% - 14:24
3 - 30% - 20% - 15:13
4 - 3% - 10% - 1:38
PP Forward
1 - 54% - 60% - 1:38
2 - 46% - 40% - 1:25
PP Defense
1 - 58% - 60% - 1:46
2 - 42% - 40% - 1:17
PK Forward
1 - 84% - 60% - 3:53
2 - 16% - 40% - 0:43
PK Defense
1 - 62% - 60% - 2:51
2 - 38% - 40% - 1:45
PK3 Forward
1 - 0% - 60%
2 - 0% - 40%
PK3 Defense
1 - 0% - 60%
2 - 0% - 40%
44 Forward
1 - 82% - 60% - 5:42
2 - 18% - 40% - 1:17
44 Defense
1 - 60% - 60% - 4:11
2 - 40% - 40% - 2:48
Last Minute Offensive  - 0:02
Last Minute Defensive  - 0:00
Total
Forward - 65:00
Defense - 65:00

Play by Play

1st period


0:01 of 1st period - Mikhail Grabovski wins face-off versus Brandon Dubinsky in neutral zone.
1:15 of 1st period - Snap shot by Denis Hamel.
1:15 of 1st period - Stopped by Chris Holt with a rebound.
2:05 of 1st period - Slapshot by Pat Rissmiller.
2:05 of 1st period - Shot Blocked by Brendan Smith.
2:19 of 1st period - Snap shot by Denis Hamel.
2:19 of 1st period - Shot Blocked by Brendan Smith.
2:37 of 1st period - Snap shot by Jonathan Ferland.
2:37 of 1st period - Shot Blocked by Andy Greene.
2:39 of 1st period - Wrist shot by Kyle Greentree.
2:39 of 1st period - Shot Misses the Net.
2:41 of 1st period - Snap shot by Jonathan Ferland.
2:41 of 1st period - Shot Misses the Net.
2:43 of 1st period - Wrist shot by Jonathan Ferland.
2:43 of 1st period - Deflect By John Zeiler.
2:43 of 1st period - Shot Misses the Net.
2:43 of 1st period - Puck is out of play.
2:44 of 1st period - Mikhail Grabovski wins face-off versus Brandon Dubinsky in Atomiques zone.
3:09 of 1st period - Andrej Sekera is hit by Kyle Okposo and loses puck.
3:19 of 1st period - Off-side.
3:20 of 1st period - Brad Marchand wins face-off versus Boyd Gordon in neutral zone.
3:24 of 1st period - Icing by Boyd Gordon.
3:25 of 1st period - Mikhail Grabovski wins face-off versus Boyd Gordon in Atomiques zone.
3:32 of 1st period - Slapshot by Mikhail Grabovski.
3:32 of 1st period - Shot Misses the Net.
4:12 of 1st period - Snap shot by Derek Meech.
4:12 of 1st period - Deflect By Pierre-Luc Létourneau.
4:12 of 1st period - Shot Misses the Net.
4:12 of 1st period - Puck is out of play.
4:13 of 1st period - Vladimir Sobotka wins face-off versus Kenndal McArdle in Atomiques zone.
4:14 of 1st period - Snap shot by Pierre-Luc Létourneau.
4:14 of 1st period - Shot Blocked by Adam Pardy.
4:16 of 1st period - Snap shot by Brendan Smith.
4:16 of 1st period - Stopped by Semyon Varlamov without a rebound.
4:17 of 1st period - Vladimir Sobotka wins face-off versus Brandon Dubinsky in Atomiques zone.
4:46 of 1st period - Slapshot by Vladimir Sobotka.
4:46 of 1st period - Stopped by Semyon Varlamov with a rebound.
5:09 of 1st period - Wrist shot by Phil Kessel.
5:09 of 1st period - Stopped by Chris Holt with a rebound.
5:27 of 1st period - Wrist shot by Vladimir Sobotka.
5:27 of 1st period - Stopped by Semyon Varlamov without a rebound.
5:28 of 1st period - Mikhail Grabovski wins face-off versus Boyd Gordon in Atomiques zone.
6:23 of 1st period - Erik Johnson is hit by Nick Johnson and loses puck.
7:01 of 1st period - Backhand shot by Adam Pardy.
7:01 of 1st period - Goal by Adam Pardy - Atomiques : 1 - Inferno : 0.
7:02 of 1st period - Brandon Dubinsky wins face-off versus Mikhail Grabovski in neutral zone.
7:09 of 1st period - Wrist shot by Phil Kessel.
7:09 of 1st period - Stopped by Chris Holt with a rebound.
7:17 of 1st period - Snap shot by Branko Radivojevic.
7:17 of 1st period - Stopped by Semyon Varlamov with a rebound.
7:27 of 1st period - Jonathan Ferland is hit by Wes O'Neill and loses puck.
8:06 of 1st period - Slapshot by Andy Greene.
8:06 of 1st period - Deflect By Nick Johnson.
8:06 of 1st period - Stopped by Chris Holt with a rebound.
8:08 of 1st period - Wrist shot by Andy Greene.
8:08 of 1st period - Shot Misses the Net.
9:08 of 1st period - Wes O'Neill is hit by Petri Kontiola and loses puck.
9:15 of 1st period - Wrist shot by Jozef Balej.
9:15 of 1st period - Stopped by Semyon Varlamov without a rebound.
9:16 of 1st period - Brandon Dubinsky wins face-off versus Mikhail Grabovski in Atomiques zone.
9:20 of 1st period - Off-side.
9:21 of 1st period - Brandon Dubinsky wins face-off versus Branko Radivojevic in neutral zone.
9:58 of 1st period - Snap shot by Brandon Dubinsky.
9:58 of 1st period - Shot Misses the Net.
10:21 of 1st period - Snap shot by Mikhail Grabovski.
10:21 of 1st period - Stopped by Semyon Varlamov without a rebound.
10:22 of 1st period - Brian Boyle wins face-off versus Boyd Gordon in Atomiques zone.
10:23 of 1st period - Slapshot by Jonathan Ferland.
10:23 of 1st period - Goal by Jonathan Ferland - Atomiques : 1 - Inferno : 1.
10:24 of 1st period - Brian Boyle wins face-off versus Boyd Gordon in neutral zone.
11:01 of 1st period - Wrist shot by Stephane Veilleux.
11:01 of 1st period - Stopped by Semyon Varlamov with a rebound.
11:57 of 1st period - Snap shot by Pat Rissmiller.
11:57 of 1st period - Stopped by Chris Holt with a rebound.
12:25 of 1st period - Wrist shot by Stephane Veilleux.
12:25 of 1st period - Stopped by Semyon Varlamov without a rebound.
12:26 of 1st period - Mikhail Grabovski wins face-off versus Pat Rissmiller in Atomiques zone.
12:37 of 1st period - Brad Marchand is hit by Andy Greene and loses puck.
12:53 of 1st period - Off-side.
12:54 of 1st period - Brian Boyle wins face-off versus Brandon Dubinsky in neutral zone.
13:19 of 1st period - Brendon Nash is hit by Brad Marchand and loses puck.
14:10 of 1st period - Backhand shot by Erik Johnson.
14:10 of 1st period - Deflect By Vladimir Zharkov.
14:10 of 1st period - Stopped by Semyon Varlamov with a rebound.
14:26 of 1st period - Snap shot by Brad Marchand.
14:26 of 1st period - Shot Misses the Net.
14:32 of 1st period - Wrist shot by Branko Radivojevic.
14:32 of 1st period - Deflect By Mikhail Grabovski.
14:32 of 1st period - Stopped by Semyon Varlamov with a rebound.
15:18 of 1st period - Slapshot by Mattias Ohlund.
15:18 of 1st period - Shot Misses the Net.
15:20 of 1st period - Slapshot by Mattias Ohlund.
15:20 of 1st period - Deflect By Nick Johnson.
15:20 of 1st period - Shot Blocked by Jozef Balej.
15:20 of 1st period - Puck is out of play.
15:21 of 1st period - Mikhail Grabovski wins face-off versus Brandon Dubinsky in Inferno zone.
15:53 of 1st period - Snap shot by Kyle Greentree.
15:53 of 1st period - Shot Misses the Net.
15:55 of 1st period - Snap shot by Jonathan Ferland.
15:55 of 1st period - Shot Misses the Net.
15:57 of 1st period - Snap shot by Kyle Greentree.
15:57 of 1st period - Shot Blocked by Adam Pardy.
16:28 of 1st period - Minor Penalty to Petri Kontiola for Hooking.
16:28 of 1st period - Minor Penalty to Pat Rissmiller for Tripping.
16:29 of 1st period - Brandon Dubinsky wins face-off versus Mikhail Grabovski in neutral zone.
16:32 of 1st period - Slapshot by Mattias Ohlund.
16:32 of 1st period - Stopped by Chris Holt without a rebound.
16:33 of 1st period - Mikhail Grabovski wins face-off versus Brandon Dubinsky in Inferno zone.
16:46 of 1st period - Snap shot by Branko Radivojevic.
16:46 of 1st period - Shot Misses the Net.
18:04 of 1st period - Slapshot by Erik Johnson.
18:04 of 1st period - Shot Blocked by Boyd Gordon.
18:16 of 1st period - Phil Kessel is hit by Brad Marchand and loses puck.
18:28 of 1st period - Penalty to Petri Kontiola is over, Petri Kontiola is back on ice.
18:28 of 1st period - Penalty to Pat Rissmiller is over, Pat Rissmiller is back on ice.
18:42 of 1st period - Snap shot by Denis Hamel.
18:42 of 1st period - Shot Misses the Net.
18:44 of 1st period - Wrist shot by Andy Greene.
18:44 of 1st period - Shot Blocked by Brendan Smith.
18:56 of 1st period - Pierre-Luc Létourneau is hit by Pat Rissmiller and loses puck.
19:05 of 1st period - Wrist shot by Pat Rissmiller.
19:05 of 1st period - Stopped by Chris Holt with a rebound.
19:41 of 1st period - Wrist shot by Denis Hamel.
19:41 of 1st period - Shot Blocked by Nicklas Grossman.
19:43 of 1st period - Snap shot by Mattias Ohlund.
19:43 of 1st period - Stopped by Chris Holt without a rebound.
19:44 of 1st period - Mikhail Grabovski wins face-off versus Denis Hamel in Inferno zone.
19:44 of 1st period - Mikhail Grabovski is hit by Adam Pardy.

2nd period


0:01 of 2nd period - Branko Radivojevic wins face-off versus Brandon Dubinsky in neutral zone.
0:08 of 2nd period - Snap shot by Brad Marchand.
0:08 of 2nd period - Stopped by Semyon Varlamov without a rebound.
0:09 of 2nd period - Brandon Dubinsky wins face-off versus Mikhail Grabovski in Atomiques zone.
0:46 of 2nd period - Slapshot by Phil Kessel.
0:46 of 2nd period - Shot Misses the Net.
0:48 of 2nd period - Snap shot by Daniel Carcillo.
0:48 of 2nd period - Stopped by Chris Holt with a rebound.
0:50 of 2nd period - Slapshot by Wes O'Neill.
0:50 of 2nd period - Stopped by Chris Holt without a rebound.
0:51 of 2nd period - Boyd Gordon wins face-off versus Brian Boyle in Inferno zone.
1:16 of 2nd period - Adam Pardy is hit by Petri Kontiola.
1:20 of 2nd period - Kenndal McArdle is hit by Nicklas Grossman and loses puck.
1:43 of 2nd period - Brendon Nash is hit by Pierre-Luc Létourneau and loses puck.
2:27 of 2nd period - Icing by Erik Johnson.
2:28 of 2nd period - Petri Kontiola wins face-off versus Brett Sutter in Inferno zone.
2:38 of 2nd period - Icing by Shawn Belle.
2:39 of 2nd period - Mikhail Grabovski wins face-off versus Brett Sutter in Atomiques zone.
2:44 of 2nd period - Wrist shot by Branko Radivojevic.
2:44 of 2nd period - Shot Misses the Net.
2:46 of 2nd period - Slapshot by Branko Radivojevic.
2:46 of 2nd period - Deflect By Andy Greene.
2:46 of 2nd period - Shot Misses the Net.
2:46 of 2nd period - Puck is out of play.
2:47 of 2nd period - Daniel Carcillo wins face-off versus Mikhail Grabovski in Atomiques zone.
2:47 of 2nd period - Daniel Carcillo is hit by Brendan Mikkelson.
3:45 of 2nd period - Snap shot by Mikhail Grabovski.
3:45 of 2nd period - Stopped by Semyon Varlamov with a rebound.
3:47 of 2nd period - Slapshot by Brendan Mikkelson.
3:47 of 2nd period - Stopped by Semyon Varlamov without a rebound.
3:48 of 2nd period - Brian Boyle wins face-off versus Boyd Gordon in Atomiques zone.
3:49 of 2nd period - Slapshot by Jonathan Ferland.
3:49 of 2nd period - Stopped by Semyon Varlamov with a rebound.
4:03 of 2nd period - Kyle Greentree is hit by Pat Rissmiller and loses puck.
5:07 of 2nd period - Petri Kontiola is hit by Adam Pardy and loses puck.
5:24 of 2nd period - Snap shot by Nick Johnson.
5:24 of 2nd period - Shot Blocked by Pierre-Luc Létourneau.
5:40 of 2nd period - Snap shot by Pat Rissmiller.
5:40 of 2nd period - Shot Blocked by Brendan Mikkelson.
5:42 of 2nd period - Slapshot by Andy Greene.
5:42 of 2nd period - Stopped by Chris Holt without a rebound.
5:43 of 2nd period - Boyd Gordon wins face-off versus Brian Boyle in Inferno zone.
5:44 of 2nd period - Slapshot by Pat Rissmiller.
5:44 of 2nd period - Shot Misses the Net.
5:58 of 2nd period - Snap shot by Jonathan Ferland.
5:58 of 2nd period - Stopped by Semyon Varlamov without a rebound.
5:59 of 2nd period - Brandon Dubinsky wins face-off versus Mikhail Grabovski in Atomiques zone.
6:25 of 2nd period - Slapshot by Stephane Veilleux.
6:25 of 2nd period - Shot Misses the Net.
6:27 of 2nd period - Snap shot by Jozef Balej.
6:27 of 2nd period - Stopped by Semyon Varlamov with a rebound.
6:29 of 2nd period - Slapshot by Brendan Smith.
6:29 of 2nd period - Shot Blocked by Wes O'Neill.
7:45 of 2nd period - Slapshot by Erik Johnson.
7:45 of 2nd period - Stopped by Semyon Varlamov without a rebound.
7:46 of 2nd period - Boyd Gordon wins face-off versus Brian Boyle in Atomiques zone.
7:55 of 2nd period - Slapshot by Boyd Gordon.
7:55 of 2nd period - Stopped by Chris Holt without a rebound.
7:56 of 2nd period - Brian Boyle wins face-off versus Boyd Gordon in Inferno zone.
9:11 of 2nd period - Snap shot by Boyd Gordon.
9:11 of 2nd period - Shot Blocked by Derek Meech.
9:27 of 2nd period - Snap shot by Jonathan Ferland.
9:27 of 2nd period - Stopped by Semyon Varlamov with a rebound.
9:29 of 2nd period - Slapshot by Kyle Greentree.
9:29 of 2nd period - Stopped by Semyon Varlamov with a rebound.
9:31 of 2nd period - Wrist shot by Kyle Greentree.
9:31 of 2nd period - Stopped by Semyon Varlamov without a rebound.
9:32 of 2nd period - Brandon Dubinsky wins face-off versus Mikhail Grabovski in Atomiques zone.
11:10 of 2nd period - Mikhail Grabovski is hit by Nick Johnson and loses puck.
11:21 of 2nd period - Brendan Smith is hit by Phil Kessel and loses puck.
13:16 of 2nd period - Icing by Mattias Ohlund.
13:17 of 2nd period - Boyd Gordon wins face-off versus Brian Boyle in Atomiques zone.
14:06 of 2nd period - Snap shot by Jozef Balej.
14:06 of 2nd period - Stopped by Semyon Varlamov without a rebound.
14:07 of 2nd period - Kyle Greentree wins face-off versus Kyle Turris in Atomiques zone.
14:27 of 2nd period - Snap shot by Denis Hamel.
14:27 of 2nd period - Shot Misses the Net.
14:35 of 2nd period - Slapshot by Andy Greene.
14:35 of 2nd period - Shot Blocked by Derek Meech.
14:39 of 2nd period - Wrist shot by Kyle Turris.
14:39 of 2nd period - Shot Blocked by Derek Meech.
15:17 of 2nd period - Snap shot by Denis Hamel.
15:17 of 2nd period - Shot Hit the Post.
15:19 of 2nd period - Snap shot by Denis Hamel.
15:19 of 2nd period - Stopped by Chris Holt with a rebound.
15:27 of 2nd period - Snap shot by John Zeiler.
15:27 of 2nd period - Stopped by Chris Holt with a rebound.
15:29 of 2nd period - Snap shot by Denis Hamel.
15:29 of 2nd period - Shot Misses the Net.
15:31 of 2nd period - Snap shot by Kyle Turris.
15:31 of 2nd period - Stopped by Chris Holt with a rebound.
15:33 of 2nd period - Snap shot by Denis Hamel.
15:33 of 2nd period - Goal by Denis Hamel - Atomiques : 2 - Inferno : 1.
15:34 of 2nd period - Phil Kessel wins face-off versus Mikhail Grabovski in neutral zone.
15:47 of 2nd period - Slapshot by Wes O'Neill.
15:47 of 2nd period - Stopped by Chris Holt with a rebound.
15:49 of 2nd period - Snap shot by Daniel Carcillo.
15:49 of 2nd period - Shot Misses the Net.
16:01 of 2nd period - Snap shot by Boyd Gordon.
16:01 of 2nd period - Stopped by Chris Holt without a rebound.
16:02 of 2nd period - Boyd Gordon wins face-off versus Petri Kontiola in Inferno zone.
16:03 of 2nd period - Snap shot by Pat Rissmiller.
16:03 of 2nd period - Stopped by Chris Holt without a rebound.
16:04 of 2nd period - Petri Kontiola wins face-off versus Brandon Dubinsky in Inferno zone.
16:09 of 2nd period - Andy Greene is hit by Stephane Veilleux.
16:13 of 2nd period - Nicklas Grossman is hit by Daniel Carcillo and loses puck.
16:24 of 2nd period - Snap shot by Jozef Balej.
16:24 of 2nd period - Stopped by Semyon Varlamov with a rebound.
16:26 of 2nd period - Snap shot by Stephane Veilleux.
16:26 of 2nd period - Shot Blocked by Shawn Belle.
16:32 of 2nd period - Wrist shot by Phil Kessel.
16:32 of 2nd period - Shot Misses the Net.
16:34 of 2nd period - Slapshot by Shawn Belle.
16:34 of 2nd period - Deflect By Daniel Carcillo.
16:34 of 2nd period - Shot Blocked by Andrej Sekera.
16:34 of 2nd period - Puck is out of play.
16:35 of 2nd period - Mikhail Grabovski wins face-off versus Boyd Gordon in Inferno zone.
16:35 of 2nd period - Mikhail Grabovski is hit by Boyd Gordon.
16:43 of 2nd period - Pat Rissmiller is hit by Mikhail Grabovski and loses puck.
16:51 of 2nd period - Minor Penalty to Brad Marchand for Tripping.
16:52 of 2nd period - Mikhail Grabovski wins face-off versus Brandon Dubinsky in Inferno zone.
18:01 of 2nd period - Icing by Wes O'Neill.
18:02 of 2nd period - Boyd Gordon wins face-off versus Brian Boyle in Atomiques zone.
18:51 of 2nd period - Penalty to Brad Marchand is over, Brad Marchand is back on ice.
19:04 of 2nd period - Wrist shot by Brett Sutter.
19:04 of 2nd period - Shot Misses the Net.
19:06 of 2nd period - Slapshot by Adam Pardy.
19:06 of 2nd period - Stopped by Chris Holt with a rebound.
19:08 of 2nd period - Slapshot by Nick Johnson.
19:08 of 2nd period - Shot Blocked by Nicklas Grossman.
19:10 of 2nd period - Slapshot by Adam Pardy.
19:10 of 2nd period - Stopped by Chris Holt with a rebound.
19:59 of 2nd period - Jonathan Ferland is hit by Kenndal McArdle and loses puck.

3rd period


0:01 of 3rd period - Brandon Dubinsky wins face-off versus Mikhail Grabovski in neutral zone.
0:16 of 3rd period - Wrist shot by Daniel Carcillo.
0:16 of 3rd period - Shot Blocked by Brendan Mikkelson.
0:44 of 3rd period - Icing by Mattias Ohlund.
0:45 of 3rd period - Jozef Balej wins face-off versus Brett Sutter in Atomiques zone.
0:48 of 3rd period - Wrist shot by Jozef Balej.
0:48 of 3rd period - Shot Blocked by Wes O'Neill.
0:54 of 3rd period - Snap shot by Petri Kontiola.
0:54 of 3rd period - Goal by Petri Kontiola - Atomiques : 2 - Inferno : 2.
0:55 of 3rd period - Mikhail Grabovski wins face-off versus Brandon Dubinsky in neutral zone.
0:58 of 3rd period - Mattias Ohlund is hit by Derek Meech and loses puck.
1:32 of 3rd period - Erik Johnson is hit by Adam Pardy and loses puck.
1:47 of 3rd period - Snap shot by Stephane Veilleux.
1:47 of 3rd period - Stopped by Semyon Varlamov with a rebound.
1:48 of 3rd period - Minor Penalty to Brendon Nash for Hooking.
1:49 of 3rd period - Mikhail Grabovski wins face-off versus Boyd Gordon in Atomiques zone.
2:16 of 3rd period - Adam Pardy is hit by Brendan Mikkelson and loses puck.
3:17 of 3rd period - Mattias Ohlund is hit by Derek Meech and loses puck.
3:48 of 3rd period - Penalty to Brendon Nash is over, Brendon Nash is back on ice.
3:48 of 3rd period - Wes O'Neill is hit by Petri Kontiola and loses puck.
4:31 of 3rd period - Brian Boyle is hit by John Zeiler and loses puck.
5:09 of 3rd period - Icing by Nick Johnson.
5:10 of 3rd period - Vladimir Sobotka wins face-off versus Boyd Gordon in Atomiques zone.
5:43 of 3rd period - Snap shot by Stephane Veilleux.
5:43 of 3rd period - Shot Misses the Net.
5:50 of 3rd period - Double Minor Penalty to Petri Kontiola for Roughing.
5:51 of 3rd period - Mikhail Grabovski wins face-off versus Brandon Dubinsky in Inferno zone.
6:11 of 3rd period - Derek Meech is hit by Phil Kessel and loses puck.
6:28 of 3rd period - Slapshot by Boyd Gordon.
6:28 of 3rd period - Goal by Boyd Gordon - Atomiques : 3 - Inferno : 2.
6:29 of 3rd period - Mikhail Grabovski wins face-off versus Brandon Dubinsky in neutral zone.
6:36 of 3rd period - Wrist shot by Mikhail Grabovski.
6:36 of 3rd period - Shot Misses the Net.
7:07 of 3rd period - Snap shot by Mattias Ohlund.
7:07 of 3rd period - Deflect By Denis Hamel.
7:07 of 3rd period - Stopped by Chris Holt with a rebound.
8:28 of 3rd period - Penalty to Petri Kontiola is over, Petri Kontiola is back on ice.
8:40 of 3rd period - Brendan Smith is hit by Kenndal McArdle and loses puck.
9:07 of 3rd period - Shawn Belle is hit by Jonathan Ferland and loses puck.
9:18 of 3rd period - Andy Greene is hit by Vladimir Sobotka and loses puck.
10:07 of 3rd period - Jonathan Ferland is hit by Brandon Dubinsky and loses puck.
11:22 of 3rd period - Nicklas Grossman is hit by Mattias Ohlund and loses puck.
11:39 of 3rd period - Shawn Belle is hit by Nicklas Grossman and loses puck.
12:14 of 3rd period - Nick Johnson is hit by Pierre-Luc Létourneau and loses puck.
12:50 of 3rd period - Icing by Brendan Mikkelson.
12:51 of 3rd period - Boyd Gordon wins face-off versus Jonathan Ferland in Inferno zone.
13:23 of 3rd period - Derek Meech is hit by Boyd Gordon and loses puck.
13:45 of 3rd period - Slapshot by Wes O'Neill.
13:45 of 3rd period - Shot Blocked by Petri Kontiola.
13:47 of 3rd period - Slapshot by Denis Hamel.
13:47 of 3rd period - Deflect By Erik Johnson.
13:47 of 3rd period - Shot Misses the Net.
13:47 of 3rd period - Puck is out of play.
13:48 of 3rd period - Brian Boyle wins face-off versus Brandon Dubinsky in Inferno zone.
14:03 of 3rd period - Slapshot by Jonathan Ferland.
14:03 of 3rd period - Shot Misses the Net.
14:20 of 3rd period - Off-side.
14:21 of 3rd period - Mikhail Grabovski wins face-off versus Boyd Gordon in neutral zone.
14:50 of 3rd period - Snap shot by Kyle Greentree.
14:50 of 3rd period - Stopped by Semyon Varlamov without a rebound.
14:51 of 3rd period - Brandon Dubinsky wins face-off versus Brian Boyle in Atomiques zone.
15:03 of 3rd period - Snap shot by Kyle Greentree.
15:03 of 3rd period - Stopped by Semyon Varlamov with a rebound.
15:05 of 3rd period - Slapshot by Andrej Sekera.
15:05 of 3rd period - Deflect By Daniel Carcillo.
15:05 of 3rd period - Stopped by Semyon Varlamov without a rebound.
15:06 of 3rd period - Mikhail Grabovski wins face-off versus Daniel Carcillo in Atomiques zone.
15:11 of 3rd period - Slapshot by Branko Radivojevic.
15:11 of 3rd period - Shot Misses the Net.
15:21 of 3rd period - Branko Radivojevic is hit by Daniel Carcillo and loses puck.
15:35 of 3rd period - Off-side.
15:36 of 3rd period - Boyd Gordon wins face-off versus Petri Kontiola in neutral zone.
16:05 of 3rd period - Wrist shot by Kyle Greentree.
16:05 of 3rd period - Deflect By Kyle Okposo.
16:05 of 3rd period - Stopped by Semyon Varlamov without a rebound.
16:06 of 3rd period - Brandon Dubinsky wins face-off versus Brian Boyle in Atomiques zone.
16:39 of 3rd period - Backhand shot by Jozef Balej.
16:39 of 3rd period - Stopped by Semyon Varlamov with a rebound.
16:41 of 3rd period - Snap shot by Stephane Veilleux.
16:41 of 3rd period - Stopped by Semyon Varlamov with a rebound.
16:57 of 3rd period - Slapshot by Mattias Ohlund.
16:57 of 3rd period - Shot Blocked by Andrej Sekera.
16:59 of 3rd period - Slapshot by Wes O'Neill.
16:59 of 3rd period - Stopped by Chris Holt with a rebound.
17:01 of 3rd period - Slapshot by Wes O'Neill.
17:01 of 3rd period - Shot Misses the Net.
17:03 of 3rd period - Slapshot by Mattias Ohlund.
17:03 of 3rd period - Shot Misses the Net.
17:23 of 3rd period - Jonathan Ferland is hit by Daniel Carcillo and loses puck.
17:36 of 3rd period - Wrist shot by Pierre-Luc Létourneau.
17:36 of 3rd period - Shot Misses the Net.
17:38 of 3rd period - Backhand shot by Andrej Sekera.
17:38 of 3rd period - Shot Blocked by Boyd Gordon.
17:46 of 3rd period - Snap shot by Pierre-Luc Létourneau.
17:46 of 3rd period - Shot Blocked by Kyle Okposo.
18:11 of 3rd period - Jozef Balej is hit by John Zeiler and loses puck.
18:24 of 3rd period - Wrist shot by Jozef Balej.
18:24 of 3rd period - Shot Misses the Net.
18:46 of 3rd period - Snap shot by Petri Kontiola.
18:46 of 3rd period - Stopped by Semyon Varlamov without a rebound.
18:47 of 3rd period - Dan Bylsma call a timeout for Inferno.
18:47 of 3rd period - Mikhail Grabovski wins face-off versus Boyd Gordon in Atomiques zone.
18:48 of 3rd period - Wrist shot by Branko Radivojevic.
18:48 of 3rd period - Goal by Branko Radivojevic - Atomiques : 3 - Inferno : 3.
18:49 of 3rd period - Petri Kontiola wins face-off versus Brandon Dubinsky in neutral zone.
18:54 of 3rd period - Wrist shot by Erik Johnson.
18:54 of 3rd period - Shot Misses the Net.
18:55 of 3rd period - Minor Penalty to Daniel Carcillo for High sticking.
18:56 of 3rd period - Boyd Gordon wins face-off versus Mikhail Grabovski in Atomiques zone.

Overtime #1


0:01 of 1st overtime period - Mikhail Grabovski wins face-off versus Boyd Gordon in neutral zone.
0:48 of 1st overtime period - Wrist shot by Stephane Veilleux.
0:48 of 1st overtime period - Stopped by Semyon Varlamov with a rebound.
0:50 of 1st overtime period - Slapshot by Brendan Mikkelson.
0:50 of 1st overtime period - Shot Blocked by Brandon Dubinsky.
0:52 of 1st overtime period - Wrist shot by Brian Boyle.
0:52 of 1st overtime period - Shot Misses the Net.
0:54 of 1st overtime period - Slapshot by Derek Meech.
0:54 of 1st overtime period - Shot Blocked by Andy Greene.
0:55 of 1st overtime period - Penalty to Daniel Carcillo is over, Daniel Carcillo is back on ice.
2:12 of 1st overtime period - Adam Pardy is hit by Derek Meech and loses puck.
3:52 of 1st overtime period - Shawn Belle is hit by Stephane Veilleux and loses puck.
4:05 of 1st overtime period - Adam Pardy is hit by Brad Marchand and loses puck.
4:48 of 1st overtime period - Icing by Daniel Carcillo.
4:49 of 1st overtime period - Mikhail Grabovski wins face-off versus Brandon Dubinsky in Atomiques zone.

ShootOut


5:00 of 1st overtime period - Penalty Shot by Brandon Dubinsky for Atomiques.
5:00 of 1st overtime period - Deke by Brandon Dubinsky.
5:00 of 1st overtime period - Goal by Brandon Dubinsky.
5:00 of 1st overtime period - Penalty Shot by Mikhail Grabovski for Inferno.
5:00 of 1st overtime period - Snap shot by Mikhail Grabovski.
5:00 of 1st overtime period - Goal by Mikhail Grabovski.
5:00 of 1st overtime period - Penalty Shot by Boyd Gordon for Atomiques.
5:00 of 1st overtime period - Deke by Boyd Gordon.
5:00 of 1st overtime period - Goal by Boyd Gordon.
5:00 of 1st overtime period - Penalty Shot by Jonathan Ferland for Inferno.
5:00 of 1st overtime period - Backhand shot by Jonathan Ferland.
5:00 of 1st overtime period - Stopped by Semyon Varlamov.
5:00 of 1st overtime period - Penalty Shot by Daniel Carcillo for Atomiques.
5:00 of 1st overtime period - Snap shot by Daniel Carcillo.
5:00 of 1st overtime period - Stopped by Chris Holt.
5:00 of 1st overtime period - Penalty Shot by Brad Marchand for Inferno.
5:00 of 1st overtime period - Snap shot by Brad Marchand.
5:00 of 1st overtime period - Goal by Brad Marchand.
5:00 of 1st overtime period - Penalty Shot by Kyle Okposo for Atomiques.
5:00 of 1st overtime period - Backhand shot by Kyle Okposo.
5:00 of 1st overtime period - Stopped by Chris Holt.
5:00 of 1st overtime period - Penalty Shot by Kyle Greentree for Inferno.
5:00 of 1st overtime period - Wrist shot by Kyle Greentree.
5:00 of 1st overtime period - Shot Misses the Net.
5:00 of 1st overtime period - Penalty Shot by Phil Kessel for Atomiques.
5:00 of 1st overtime period - Snap shot by Phil Kessel.
5:00 of 1st overtime period - Shot Hit the Post.
5:00 of 1st overtime period - Penalty Shot by Branko Radivojevic for Inferno.
5:00 of 1st overtime period - Wrist shot by Branko Radivojevic.
5:00 of 1st overtime period - Goal by Branko Radivojevic.


Output by the SimonT Hockey Simulator (STHS) for François Prévost -- Original Page W3C XHTML 1.0 Valid
Hockey Simulator - Hockey Simulation - Hockey Manager